 Dungeon Crawl Stone Soup version 0.25-a0-547-g27a0b5d1ef (webtiles) character file.

Game seed: 3981752716242572459, levelgen mode: deterministic

355 Esekla the Magician (level 6, 0/32 HPs)
             Began as a Deep Elf Wizard on Feb 21, 2020.
             Killed from afar by an orc wizard (4 damage)
             ... with a puff of flame
             ... on level 4 of the Dungeon.
             The game lasted 00:33:53 (2847 turns).

Esekla the Magician (Deep Elf Wizard)               Turns: 2847, Time: 00:33:54

Health: 0/32       AC:  4    Str: 11    XL:     6   Next: 36%
Magic:  0/18       EV: 13    Int: 23    God:
Gold:   158        SH:  0    Dex: 13    Spells: 11/20 levels left

rFire    . . .     SeeInvis .   f - +0 short sword
rCold    . . .     Gourm    .   (no shield)
rNeg     . . .     Faith    .   a - +0 robe
rPois    .         Spirit   +   b - +0 hat
rElec    .         Reflect  .   (no cloak)
rCorr    .         Harm     .   (no gloves)
MR       .....                  i - +1 pair of boots
Stlth    ++........             g - amulet of guardian spirit
HPRegen  0.10/turn              e - ring of wizardry
MPRegen  0.16/turn              (no ring)

@: mighty
A: no striking features
a: no special abilities


You were on level 4 of the Dungeon.
You were hungry.

You visited 1 branch of the dungeon, and saw 4 of its levels.

You collected 158 gold pieces.

Inventory:

Hand Weapons
 f - a +0 short sword (weapon)
Missiles
 k - 39 poisoned darts (quivered)
Armour
 a - a +0 robe (worn)
 b - a +0 hat (worn)
 i - a +1 pair of boots (worn)
Jewellery
 e - a ring of wizardry (left hand)
 g - an amulet of guardian spirit (around neck)
Wands
 o - a wand of scattershot (6)
Scrolls
 h - a scroll of random uselessness {unknown}
 n - 2 scrolls of remove curse
Potions
 l - a potion of haste {unknown}
 q - a potion of invisibility
Comestibles
 d - 6 rations


   Skills:
 + Level 0.4 Short Blades
 + Level 0.5 Throwing
 + Level 3.0 Dodging
 - Level 2.4 Stealth
 * Level 7.8 Spellcasting
 * Level 3.3 Conjurations
   Level 1.1 Summonings
 + Level 1.3 Translocations
 * Level 1.2 Air Magic
 * Level 1.2 Poison Magic


You had 11 spell levels left.
You knew the following spells:

 Your Spells              Type           Power        Failure   Level  Hunger
a - Magic Dart            Conj           ###.         1%          1    None
b - Blink                 Tloc           N/A          2%          2    None
c - Mephitic Cloud        Conj/Pois/Air  ###.....     4%          3    None
f - Conjure Flame         Conj/Fire      ###.....     4%          3    None

Your spell library contained the following spells:

 Spells                   Type           Power        Failure   Level  Hunger
 Call Imp                 Summ           ##......     2%          2    None
 Slow                     Hex            #.......     4%          2    None


Dungeon Overview and Level Annotations

Branches:
Dungeon (4/15)
 Temple: D:4-7

Altars:
Elyvilon
Hepliaklqana
Makhleb
Okawaru

Annotations:
D:3 Grinder
D:4 Natasha


Message History

The human skeleton is severely damaged.
You hear the rapid hiss of an avalanche of sand.
Something hits you but does no damage. The human skeleton misses you.
You puncture the human skeleton!
The human skeleton is almost destroyed.
Something hits you but does no damage.
The human skeleton completely misses you.
You puncture the human skeleton!
You destroy the human skeleton!
Something hits you.
* * * LOW HITPOINT WARNING * * *
You barely miss something. The orc closely misses you.
You hear some strange, mumbled words.
Something tries to affect you, but you resist.
You puncture the orc!
You kill the orc!
You hear some strange, mumbled words.
A puff of flame appears from out of thin air!
The puff of flame hits you.
You die...

#.................Z.....#
#.......................
#......................
########(#....#.......
#Z#)#'#..'......
#+#'#.#.####..... ####
+...'Z#.# #####'# #..#
#...###.# #.....######
#..# +..ZZ@#.#
#.#......).. #..#
#+#+#'#.# #.#.########
#>.# #.#.# #.#.#.......
#..## ###.# #.#.#.#.####
#...# #.# #.#.#.#.#
#...########.###.#.#.###
+...'........#.......#
#...##########.#.#.###
#............#.#.#.#


You could see an orc skeleton and a human skeleton.

Vanquished Creatures
  A hound (D:4)
  2 orc wizards (D:4)
  An iguana (D:4)
  A human skeleton (D:4)
  Natasha (twice) (D:4)
  A worker ant (D:4)
  2 gnolls (D:4)
  5 adders
  2 oozes
  3 worms (D:2)
  2 dart slugs
  4 leopard geckos
  5 orcs (D:4)
  9 bats
  3 goblins
  3 hobgoblins
  2 jackals (D:2)
  2 quokkas (D:4)
  6 kobolds
  A leopard gecko skeleton (D:4)
  An orc skeleton (D:4)
  7 rats
65 creatures vanquished.

Notes
Turn   | Place    | Note
-------+----------+-------------------------------------------
     0 | D:1      | Esekla the Deep Elf Wizard began the quest for the Orb.
     0 | D:1      | Reached XP level 1. HP: 10/10 MP: 7/7
   293 | D:2      | Found a hazy altar of Hepliaklqana.
   326 | D:1      | Reached skill level 5 in Spellcasting
   448 | D:1      | Reached XP level 2. HP: 15/15 MP: 7/10
   452 | D:1      | Learned a level 2 spell: Blink
  1073 | D:2      | Reached XP level 3. HP: 19/19 MP: 10/12
  1078 | D:2      | Learned a level 3 spell: Mephitic Cloud
  1144 | D:2      | Found a white marble altar of Elyvilon.
  1146 | D:2      | Found a burning altar of Makhleb.
  1336 | D:2      | Reached skill level 6 in Spellcasting
  1365 | D:2      | Learned a level 3 spell: Conjure Flame
  1663 | D:2      | Reached XP level 4. HP: 14/24 MP: 0/14
  2104 | D:3      | Found an iron altar of Okawaru.
  2206 | D:3      | Noticed Grinder
  2207 | D:3      | Paralysed by Grinder for 5 turns
  2353 | D:4      | Reached XP level 5. HP: 28/28 MP: 9/16
  2411 | D:4      | Reached skill level 7 in Spellcasting
  2487 | D:4      | Noticed Natasha
  2493 | D:4      | Killed Natasha
  2533 | D:4      | Noticed Natasha
  2547 | D:4      | Killed Natasha
  2670 | D:4      | Reached skill level 1 in Poison Magic
  2673 | D:4      | Reached skill level 1 in Air Magic
  2673 | D:4      | Reached XP level 6. HP: 24/32 MP: 13/18
  2681 | D:4      | Noticed Natasha
  2847 | D:4      | Killed from afar by an orc wizard

Levels and vault maps discovered:
D:1:      saegor_arrival_simple_b, layout_loops_cross, supply_closet_lemuel,
          st_stairs_4
D:2:      layout_loops_corners, overflow_temple_1_default,
          nicolae_overflow_hidden_temple
D:3:      minmay_general_purpose_star, layout_loops_ring, lemuel_crystal_altar,
          okawaru_metal_pillars_1_2, uniq_grinder
D:4:      minmay_evil_eye, layout_basic, nicolae_ossuary_entry_catacombs,
          first_ration, uniq_natasha

Skill      XL: |  1  2  3  4  5  6 |
---------------+-------------------+-----
Spellcasting   | 5 6 7 |  7.8
Conjurations   | 2 3 |  3.3
Poison Magic   | 1 |  1.2
Air Magic      | 1 |  1.2
Dodging        | 3 |  3.0
Short Blades   | |  0.4
Throwing       | |  0.5
Stealth        | |  2.4
Summonings     | |  1.1
Translocations | |  1.3

Action                   |  1- 3 |  4- 6 || total
-------------------------+-------+-------++-------
Melee: Unarmed           |     2 |       ||     2
       Short sword       |     9 |    53 ||    62
Throw: Dart              |       |    17 ||    17
 Cast: Magic Dart        |    90 |    86 ||   176
       Conjure Flame     |     3 |     2 ||     5
       Blink             |     1 |     4 ||     5
       Mephitic Cloud    |       |     7 ||     7
  Use: Scroll            |     3 |     3 ||     6
       Potion            |       |     4 ||     4
 Stab: Sleeping          |     1 |       ||     1
       Confused          |       |     2 ||     2
  Eat: Chunk             |     2 |     3 ||     5
Armor: Robe              |    16 |    17 ||    33
Dodge: Dodged            |    38 |    49 ||    87

Table legend:
 A = Non-vault XP
 B = Vault XP
 C = Vault XP percentage of total XP
 D = Non-vault monster count
 E = Vault monster count
 F = Vault count percentage of total count
                 A         B        C        D         E       F
            +---------+---------+-------+---------+---------+-------
      Total |     429 |      79 |  15.6 |      60 |       5 |   7.7
            +---------+---------+-------+---------+---------+-------
        D:1 |      29 |       4 |  12.1 |      13 |       2 |  13.3
        D:2 |      91 |       0 |   0.0 |      22 |       0 |   0.0
        D:3 |      18 |       0 |   0.0 |       7 |       0 |   0.0
        D:4 |     291 |      75 |  20.5 |      18 |       3 |  14.3
            +---------+---------+-------+---------+---------+-------
